Map: Stranded Isles

Players

MonstroTown - Winner!

  • Race: Terran Terran
  • Spawn Location: 3:00

Michael - Winner!

  • Race: Zerg Zerg
  • League: Gold
  • Spawn Location: 6:00

Paradox - Winner!

  • Race: Zerg Zerg
  • Spawn Location: 6:00

Varun

  • Race: Zerg Zerg
  • League: Gold
  • Spawn Location: 12:00

Teek

  • Race: Terran Terran
  • Spawn Location: 12:00

Andrew

  • Race: Protoss Protoss
  • Spawn Location: 9:00

VOD

Have the link to the VOD?

Description

Time

  • Played on: Sept. 27, 2018, 10 p.m.
  • Length: 20:02
Show
View Real Time Build Order
Export as new Build Order

MonstroTown Terran - Winner!

Build Orders: MMM Bio 

Get SALT Encoding   

  12  0:01  SCV  
  13  0:13  SCV  
  14  0:18  Supply Depot  
  14  0:25  SCV  
  15  0:40  SCV  
  15  0:41  Barracks  
  16  0:52  SCV  
  17  1:04  SCV  
  17  1:08  Supply Depot  
  18  1:17  SCV  
  19  1:33  Command Center  
  19  1:38  Refinery  
  19  1:41  Marine  
  19  1:45  Orbital Command  
  20  2:00  Marine  
  21  2:01  Barracks  
  21  2:11  SCV  
  21  2:15  Refinery  
  22  2:20  Marine  
  23  2:23  SCV  
  24  2:35  SCV  
  25  2:38  Marine  
  25  2:41  Supply Depot  
  26  2:48  Factory  
  26  2:50  Barracks Tech Lab  
  26  2:54  Orbital Command  
  26  3:01  Marine  
  27  3:05  SCV  
  27  3:11  Stimpack  
  28  3:16  Marauder  
  28  3:19  Marine  
  31  3:22  SCV x2  
  33  3:35  Factory Tech Lab  
  33  3:40  Starport  
  33  3:50  Marine  
  33  3:51  Marauder  
  33  3:53  SCV x2  
  38  4:03  Siege Tank  
  38  4:05  SCV x2  
  38  4:07  Refinery  
  43  4:13  Engineering Bay  
  43  4:17  SCV, Barracks Reactor  
  43  4:21  SCV  
  45  4:27  Supply Depot  
  41  4:34  Marine  
  41  4:35  Widow Mine  
  43  4:40  SCV x2  
  45  4:51  Marine  
  45  4:52  Medivac  
  48  5:09  Marine  
  48  5:10  Marine x2  
  50  5:27  Marine  
  50  5:28  Marine x2  
  52  5:45  Marine x2  
  52  5:46  Marine  
  55  5:56  Terran Infantry Weapons Level 1  
  55  5:57  Starport Reactor  
  55  5:59  Siege Tank  
  55  6:01  SCV x2  
  55  6:03  Marine x3  
  60  6:07  Supply Depot  
  60  6:16  Combat Shield  
  60  6:20  Marine  
  53  6:41  Marine x3  
  56  6:50  Barracks  
  56  6:52  Siege Tank, Barracks x2  
  56  6:53  Barracks  
  56  6:54  Armory  
  59  6:55  Engineering Bay  
  59  6:59  Marine x3  
  62  7:08  Supply Depot  
  62  7:21  Marine  
  62  7:22  Marine  
  64  7:23  Marauder  
  64  7:28  Terran Infantry Armor Level 1  
  66  7:31  Command Center  
  66  7:48  Refinery  
  66  7:49  Terran Vehicle Weapons Level 1  
  66  7:50  Marine x2  
  68  7:52  Terran Infantry Weapons Level 2  
  68  8:07  Barracks Tech Lab, Barracks Reactor x3  
  68  8:25  Marine x2  
  70  8:27  Marauder x2  
  70  8:28  Widow Mine  
  76  8:40  Factory  
  76  8:46  Planetary Fortress  
  76  8:51  Marine x2  
  78  8:58  SCV x2  
  80  9:07  Marine x2  
  82  9:10  SCV  
  83  9:20  Marine x3  
  83  9:21  Marine x2  
  83  9:22  Hellbat  
  83  9:23  Medivac  
  92  9:25  SCV, Factory  
  93  9:32  SCV, Medivac  
  93  9:34  Supply Depot  
  93  9:35  Supply Depot, SCV  
  93  9:37  SCV  
  98  9:39  Terran Infantry Armor Level 2  
  90  9:55  Marine  
  90  9:56  Marine x3  
  94  10:01  Factory Tech Lab  
  94  10:02  Factory Reactor  
  91  10:16  Marine x3  
  91  10:20  Hellbat  
  93  10:41  Hellbat  
  77  10:53  Marine x4  
  77  10:55  Reaper x2  
  77  10:56  Hellbat x2  
  87  11:02  Hellbat  
  72  11:15  Marine  
  72  11:16  Marine x3  
  72  11:17  Hellbat x2  
  66  11:28  Marine x3  
  66  11:29  Marine x3  
  72  11:33  Marine  
  72  11:34  Marine  
  72  11:38  Marine x2  
  71  11:40  Hellbat x3  
  71  11:41  Medivac x2  
  71  11:44  SCV x2  
  71  11:46  Marine  
  82  11:49  Marine x2  
  82  11:51  Marauder x2  
  88  12:00  Command Center  
  90  12:01  Hellbat x2  
  90  12:06  Marine x4  
  90  12:07  SCV x3  
  99  12:11  Refinery  
  99  12:12  Refinery  
  103  12:19  SCV x2  
  103  12:20  SCV, Marine  
  103  12:21  Marine x3  
  110  12:31  SCV  
  110  12:35  Viking  
  110  12:36  Viking  
  111  12:42  Starport  
  111  12:48  Marine x2  
  111  12:49  Marine  
  74  13:13  Marine x4  
  74  13:14  Marine x6  
  74  13:15  Hellbat  
  74  13:16  Sensor Tower, Hellbat x2  
  74  13:17  Medivac x2  
  79  13:31  Infernal Pre-Igniter  
  79  13:33  Marine x2  
  76  13:35  Marine x3  
  76  13:38  Hellbat x2  
  76  13:40  Missile Turret  
  76  13:41  Missile Turret  
  83  13:43  Missile Turret  
  83  13:45  Missile Turret  
  83  13:47  Orbital Command  
  83  13:56  Hellbat  
  83  13:57  Medivac x2  
  89  14:13  SCV  
  89  14:14  SCV, Marine x3  
  89  14:15  Marine  
  85  14:32  Missile Turret  
  85  14:33  Missile Turret  
  85  14:35  Missile Turret  
  85  14:38  Viking x2  
  82  14:42  Starport Reactor  
  82  14:43  Terran Infantry Armor Level 3, Terran Infantry Weapons Level 3  
  84  14:49  Marine x4  
  84  14:50  Marine x2  
  79  15:09  Missile Turret  
  79  15:10  Missile Turret  
  79  15:11  Missile Turret  
  79  15:13  Marine  
  79  15:14  Marine x4  
  81  15:15  Viking  
  85  15:22  Marine x2  
  85  15:24  Marine x2  
  83  15:30  Marine  
  83  15:31  Marine x2  
  86  15:37  Marine x2  
  86  15:38  Marine  
  87  15:44  Hellbat  
  83  15:56  Thor  
  89  16:06  Marine x6  
  89  16:07  Marine  
  89  16:09  Viking x3  
  89  16:10  Viking  
  102  16:36  Marine x3  
  102  16:39  Thor  
  111  16:46  Medivac x3  
  117  16:51  Supply Depot  
  117  16:52  Supply Depot  
  117  17:03  Marine x2  
  117  17:07  Marine x2  
  117  17:11  Marine  
  117  17:12  Marine, Medivac  
  110  17:16  Medivac  
  110  17:22  Thor  
  86  17:31  Marine  
  86  17:32  Viking  
  86  17:33  Viking  
  86  17:34  Marine x3  
  86  17:35  Marine  
  88  17:48  Marine  
  88  17:49  Marine x3  
  92  18:06  Command Center  
  92  18:08  Missile Turret x2, Marine x3  
  92  18:09  Missile Turret  
  92  18:10  Missile Turret  
  92  18:11  Missile Turret  
  88  18:41  Marine x4  
  90  18:42  Marine  
  93  19:09  Marine x3  
  95  19:10  Marine x2  
  95  19:16  Marine  
  95  19:17  Marine  
  96  19:24  Marine  
Show
View Real Time Build Order
Export as new Build Order

Michael Zerg - Winner!

Build Orders: Hatch First 

Get SALT Encoding   

  12  0:01  Drone  
  13  0:13  Overlord  
  13  0:18  Drone  
  14  0:31  Drone x2  
  14  0:35  Drone  
  17  0:45  Drone  
  18  1:00  Drone  
  18  1:02  Hatchery  
  18  1:22  Extractor  
  18  1:25  Spawning Pool, Drone x2  
  18  1:47  Drone  
  19  1:49  Hatchery  
  19  1:50  Drone  
  19  2:05  Drone  
  19  2:06  Overlord  
  20  2:12  Zergling x2  
  20  2:15  Zergling x2  
  22  2:20  Spine Crawler  
  21  2:26  Drone  
  22  2:30  Metabolic Boost  
  22  2:43  Hatchery  
  22  2:50  Queen  
  24  3:00  Queen  
  24  3:04  Extractor  
  26  3:05  Drone  
  26  3:09  Drone  
  26  3:12  Drone  
  28  3:19  Drone x2  
  30  3:29  Spine Crawler  
  28  3:51  Queen  
  28  3:52  Queen x2  
  28  3:54  Drone  
  34  4:03  Drone  
  34  4:04  Drone x2  
  34  4:07  Drone  
  34  4:09  Drone  
  39  4:13  Drone  
  39  4:15  Drone  
  41  4:19  Drone  
  42  4:26  Queen  
  44  4:44  Lair  
  44  4:50  Roach Warren, Evolution Chamber  
  42  4:54  Zergling x2  
  42  4:56  Zergling x2  
  43  5:02  Queen  
  30  5:20  Zergling x22  
  35  5:41  Drone x4  
  39  5:50  Queen  
  39  5:51  Queen x2  
  39  5:52  Queen  
  47  5:57  Drone  
  48  6:05  Overlord  
  48  6:11  Overlord  
  40  6:42  Spire  
  40  6:43  Drone x2  
  41  6:49  Drone  
  42  7:03  Drone x2  
  42  7:04  Drone x6  
  42  7:05  Drone x2  
  52  7:10  Drone  
  53  7:17  Drone  
  53  7:21  Drone  
  55  7:26  Drone  
  55  7:28  Drone  
  57  7:31  Drone  
  57  7:32  Drone  
  57  7:35  Drone  
  60  7:37  Drone  
  60  7:42  Overlord  
  61  7:46  Overlord  
  61  7:52  Drone x2  
  61  7:53  Drone  
  61  7:57  Extractor  
  63  8:09  Drone x3  
  63  8:11  Drone x3  
  69  8:12  Extractor  
  69  8:19  Drone  
  72  8:20  Drone x5  
  74  8:34  Drone  
  74  8:35  Drone x5  
  74  8:37  Overlord x2  
  74  8:39  Overlord  
  80  8:43  Overlord  
  80  8:48  Zerg Ground Armor Level 1  
  80  8:55  Overlord x2  
  80  8:56  Overlord  
  80  9:09  Mutalisk  
  80  9:10  Mutalisk x4  
  80  9:11  Mutalisk  
  80  9:14  Mutalisk  
  94  9:17  Mutalisk  
  94  9:19  Mutalisk  
  94  9:22  Mutalisk  
  100  9:30  Drone x6  
  106  9:32  Drone  
  106  9:35  Extractor  
  106  9:36  Extractor  
  106  9:37  Drone  
  106  9:38  Drone x3  
  109  9:41  Extractor  
  109  9:42  Extractor  
  107  10:00  Mutalisk  
  107  10:01  Mutalisk x2  
  113  10:13  Mutalisk  
  112  10:15  Zergling x14  
  112  10:16  Zergling x18  
  127  10:34  Mutalisk  
  109  11:12  Spore Crawler x2  
  99  11:23  Corruptor x3  
  99  11:24  Corruptor  
  99  11:29  Infestation Pit, Drone x2  
  100  11:34  Drone x3  
  100  11:36  Drone x3  
  106  11:56  Corruptor  
  106  11:57  Corruptor x2  
  112  12:06  Hive  
  112  12:13  Drone x3  
  112  12:15  Drone x3  
  108  13:15  Mutalisk  
  108  13:16  Mutalisk x5  
  116  13:29  Mutalisk x2  
  120  13:41  Greater Spire  
  120  13:53  Spire  
  117  14:11  Overlord x5  
  117  14:12  Overlord x6  
  117  14:13  Overlord x2  
  117  14:18  Corruptor  
  119  14:37  Mutalisk x10  
  119  14:38  Mutalisk x9  
  157  15:05  Brood Lord x3  
  157  15:19  Mutalisk x4  
  153  15:45  Corruptor x2  
  153  15:46  Corruptor x2  
  153  15:47  Mutalisk x2  
  165  16:05  Mutalisk  
  165  16:06  Mutalisk x3  
  173  16:26  Mutalisk  
  173  16:27  Mutalisk x4  
  149  16:41  Mutalisk x3  
  149  16:46  Mutalisk  
  133  16:48  Mutalisk  
  107  17:21  Spore Crawler, Hatchery  
  105  17:23  Spore Crawler  
  104  17:37  Hatchery  
  103  17:43  Burrow  
  103  17:52  Mutalisk x13  
  129  18:42  Spore Crawler  
  129  18:43  Spore Crawler  
  127  19:08  Drone x3  
  130  19:15  Drone x3  
  133  19:19  Mutalisk  
  133  19:20  Mutalisk x18  
  133  19:23  Zergling x2  
  133  19:24  Zergling x18  
Show
View Real Time Build Order
Export as new Build Order

Paradox Zerg - Winner!

Build Orders: Hatch First 

Get SALT Encoding   

  12  0:01  Drone  
  13  0:09  Drone  
  14  0:18  Overlord  
  14  0:36  Drone x2  
  14  0:39  Drone  
  17  0:56  Drone  
  18  0:58  Hatchery  
  18  1:01  Extractor  
  18  1:02  Drone  
  17  1:10  Drone  
  18  1:20  Spawning Pool  
  17  1:28  Overlord  
  17  2:07  Zergling x2  
  17  2:08  Zergling x4, Queen  
  20  2:10  Queen  
  20  2:12  Zergling x2  
  25  2:24  Drone x2  
  27  2:33  Drone  
  27  2:34  Drone  
  29  2:52  Drone x2  
  29  2:53  Drone  
  29  2:58  Roach Warren  
  31  2:59  Metabolic Boost  
  31  3:02  Drone  
  32  3:12  Queen  
  33  3:19  Zergling x6  
  33  3:20  Zergling x2  
  33  3:25  Zergling x2  
  35  3:49  Overlord x3  
  35  4:05  Overlord x2  
  35  4:07  Queen  
  35  4:08  Lair  
  35  4:09  Extractor  
  36  4:16  Drone  
  36  4:17  Drone x5  
  41  4:21  Roach  
  39  4:35  Roach  
  39  4:36  Roach x3  
  43  4:46  Roach x2  
  38  5:04  Roach  
  38  5:05  Roach x2  
  40  5:11  Hydralisk Den  
  32  5:22  Roach  
  32  5:24  Drone  
  33  5:33  Roach  
  33  5:35  Drone  
  36  5:46  Drone  
  36  5:47  Drone x2  
  36  5:49  Drone x3  
  42  5:53  Queen  
  42  5:54  Queen  
  46  6:06  Grooved Spines  
  46  6:11  Evolution Chamber  
  45  6:14  Evolution Chamber  
  44  6:35  Hydralisk x2  
  44  6:39  Overlord x2  
  48  6:46  Extractor  
  47  6:47  Drone  
  47  6:48  Extractor, Drone x2  
  47  6:49  Drone x3  
  52  7:00  Drone x2  
  54  7:04  Zerg Missile Weapons Level 1  
  54  7:09  Drone  
  54  7:10  Drone x3  
  58  7:19  Drone  
  58  7:20  Drone  
  60  7:38  Drone  
  60  7:39  Drone x4  
  60  7:41  Hatchery  
  64  7:48  Zerg Ground Armor Level 1  
  64  7:51  Muscular Augments  
  64  7:55  Drone  
  64  7:56  Drone  
  66  8:04  Drone x3  
  66  8:05  Drone  
  70  8:10  Overseer  
  70  8:12  Overlord  
  70  8:28  Glial Reconstitution  
  70  8:33  Hydralisk  
  72  8:34  Hydralisk x3  
  78  8:48  Infestation Pit  
  77  8:56  Hydralisk  
  77  8:57  Hydralisk x5  
  89  9:14  Zerg Missile Weapons Level 2  
  89  9:17  Overlord x3  
  89  9:23  Drone  
  90  9:26  Overlord x2  
  90  9:35  Overseer  
  90  9:41  Hive  
  90  9:54  Zerg Ground Armor Level 2  
  88  10:17  Hydralisk x9  
  106  10:27  Pneumatized Carapace  
  92  10:50  Hydralisk  
  92  10:51  Hydralisk x6  
  90  11:26  Hydralisk x8  
  90  11:29  Queen  
  84  11:44  Zerg Missile Weapons Level 3  
  84  11:55  Zergling x14  
  91  12:05  Queen  
  93  12:11  Drone x5  
  93  12:15  Queen  
  92  12:34  Roach x4  
  92  12:35  Roach x3  
  82  13:18  Hydralisk  
  82  13:19  Hydralisk x3  
  76  13:27  Drone x6  
  82  13:38  Zerg Ground Armor Level 3  
  82  13:46  Spore Crawler  
  81  13:48  Spore Crawler  
  81  13:49  Spore Crawler  
  81  13:51  Overlord x4  
  81  13:52  Overlord x2  
  79  13:56  Spore Crawler  
  78  14:14  Hydralisk  
  78  14:15  Hydralisk x7  
  94  14:19  Tunneling Claws  
  94  14:25  Drone x2  
  94  14:29  Extractor  
  95  14:37  Hydralisk x6  
  107  15:09  Viper x2  
  107  15:12  Overlord x3  
  113  15:50  Hydralisk  
  113  15:51  Hydralisk x8  
  83  16:30  Hydralisk  
  83  16:31  Hydralisk x7  
  75  16:39  Drone  
  74  17:02  Hydralisk x2  
  74  17:04  Hydralisk  
  80  17:22  Hydralisk x5  
  82  17:27  Drone x2  
  82  17:28  Drone  
  87  17:46  Hydralisk  
  87  17:47  Hydralisk  
  91  17:53  Drone x2  
  91  17:54  Drone  
  94  18:00  Extractor, Drone x2  
  94  18:01  Drone  
  96  18:19  Roach  
  98  18:20  Roach x3  
  98  18:25  Drone  
  93  18:50  Hatchery  
  93  18:52  Hydralisk x2  
  96  19:04  Hydralisk  
  96  19:05  Hydralisk  
Show
View Real Time Build Order
Export as new Build Order

Varun Zerg 

Build Orders: 3 Hatch before Pool 

Get SALT Encoding   

  12  0:02  Drone  
  13  0:13  Overlord  
  13  0:18  Drone  
  14  0:31  Drone  
  14  0:32  Drone  
  16  0:40  Drone  
  17  0:47  Drone  
  18  0:56  Drone  
  19  1:15  Hatchery  
  18  1:22  Drone x2  
  20  1:31  Hatchery  
  19  1:33  Drone  
  19  1:37  Extractor  
  19  1:41  Drone  
  20  1:50  Drone  
  21  1:59  Spawning Pool  
  21  2:01  Drone  
  22  2:13  Overlord  
  22  2:32  Drone  
  22  2:33  Drone  
  24  2:44  Drone x2  
  26  2:45  Queen  
  26  2:46  Queen  
  30  2:52  Extractor  
  30  2:53  Metabolic Boost  
  30  2:58  Overlord  
  29  3:00  Zergling x2  
  30  3:12  Spine Crawler  
  29  3:19  Zergling x2  
  30  3:20  Zergling x6  
  30  3:25  Spine Crawler  
  32  3:36  Zergling x4  
  34  3:55  Zergling x8  
  38  4:07  Zergling x2  
  38  4:08  Zergling x2  
  40  4:15  Zergling x2  
  40  4:16  Zergling x2  
  42  4:22  Drone x2  
  42  4:33  Zergling x2  
  42  4:34  Zergling x2  
  42  4:35  Zergling x2  
  42  4:37  Overlord  
  42  4:38  Overlord  
  43  4:49  Overlord x2  
  41  5:05  Zergling x2  
  41  5:06  Zergling x16  
  39  5:30  Extractor  
  39  5:33  Extractor  
  36  5:39  Zergling x2  
  36  5:40  Zergling x10  
  36  5:41  Lair  
  42  5:55  Drone  
  42  5:56  Drone x7  
  49  6:07  Hatchery  
  48  6:12  Zergling x2  
  48  6:13  Zergling x2  
  48  6:17  Drone  
  47  6:39  Zergling x2  
  43  6:40  Drone x4  
  43  6:41  Drone x2  
  49  6:56  Spire  
  49  6:59  Baneling Nest  
  47  7:06  Infestation Pit, Zergling x8  
  47  7:07  Zergling x2  
  51  7:23  Drone  
  51  7:24  Drone x7  
  59  7:30  Queen  
  61  7:37  Drone  
  61  7:38  Drone x4  
  66  7:49  Queen  
  68  8:00  Extractor  
  68  8:05  Extractor  
  66  8:06  Zergling x12  
  66  8:07  Zergling x14  
  79  8:14  Queen  
  81  8:21  Zerg Flyer Weapons Level 1  
  81  8:29  Baneling x5  
  81  8:31  Baneling  
  81  8:34  Baneling x2  
  81  8:36  Overlord  
  81  8:37  Overlord x3  
  81  8:39  Overlord  
  81  8:41  Drone  
  82  9:16  Baneling x3  
  82  9:22  Mutalisk  
  82  9:23  Mutalisk x13  
  108  9:46  Mutalisk x2  
  108  9:47  Mutalisk x2  
  116  9:56  Drone x3  
  95  10:18  Zergling x2  
  95  10:19  Zergling x14  
  103  10:28  Zergling x2  
  103  10:29  Zergling x6  
  93  10:46  Mutalisk  
  93  10:47  Mutalisk x5  
  97  11:00  Zerg Flyer Weapons Level 2  
  96  11:14  Mutalisk  
  96  11:15  Mutalisk x5, Zergling x2  
  96  11:17  Overlord  
  105  11:27  Centrifical Hooks  
  105  11:38  Queen  
  105  11:46  Drone x4  
  109  11:53  Hatchery  
  106  12:05  Mutalisk  
  106  12:06  Mutalisk x6  
  120  12:09  Overlord x2  
  120  12:24  Mutalisk x2  
  120  12:25  Mutalisk  
  126  12:37  Mutalisk  
  126  12:38  Mutalisk  
  98  13:34  Mutalisk  
  98  13:35  Mutalisk x8  
  98  13:40  Extractor  
  115  13:42  Extractor  
  113  14:03  Zerg Flyer Armor Level 1  
  113  14:06  Hive  
  113  14:13  Mutalisk x3  
  119  14:18  Drone  
  119  14:19  Drone x11  
  131  14:28  Mutalisk  
  133  14:39  Drone x5  
  123  15:09  Mutalisk  
  123  15:10  Mutalisk x7  
  123  15:11  Mutalisk  
  141  15:26  Mutalisk  
  143  15:29  Overlord x3  
  139  15:48  Mutalisk x7  
  149  16:01  Mutalisk  
  149  16:02  Mutalisk x6  
  163  16:11  Mutalisk x2  
  167  16:36  Mutalisk  
  167  16:37  Mutalisk x4  
  147  17:05  Mutalisk  
  147  17:06  Mutalisk x11  
  143  17:24  Mutalisk  
  143  17:25  Mutalisk x6  
  151  17:43  Mutalisk x2  
  151  17:44  Mutalisk  
  147  17:54  Mutalisk, Hatchery  
  147  17:55  Mutalisk  
  150  18:19  Hatchery  
  139  19:18  Mutalisk x10  
  139  19:19  Mutalisk x4  
  167  19:34  Extractor  
Show
View Real Time Build Order
Export as new Build Order

Teek Terran 

Build Orders:  

Get SALT Encoding   

  12  0:00  SCV  
  13  0:13  SCV  
  14  0:19  Supply Depot  
  14  0:25  SCV  
  15  0:40  SCV  
  16  0:44  Barracks  
  16  0:48  Refinery  
  16  0:52  SCV  
  17  1:02  Barracks  
  17  1:05  SCV  
  18  1:15  Supply Depot  
  18  1:31  SCV  
  19  1:34  Marine  
  20  1:43  SCV  
  21  1:49  Engineering Bay  
  21  1:52  Marine  
  21  1:53  Reaper  
  23  2:06  Supply Depot  
  23  2:08  Orbital Command  
  23  2:10  Marine  
  24  2:25  Marine  
  24  2:29  Refinery  
  25  2:33  Marine  
  26  2:39  SCV  
  26  2:41  Factory  
  26  2:42  Marine  
  28  2:51  SCV  
  29  2:53  Barracks Tech Lab  
  29  3:00  Supply Depot, Marine  
  29  3:03  SCV  
  30  3:18  Marine  
  31  3:39  Marine x2  
  27  3:55  Barracks  
  27  3:57  Marine  
  27  3:58  Marauder, Cyclone  
  33  4:13  Starport  
  33  4:19  Marauder  
  35  4:27  Terran Infantry Weapons Level 1  
  35  4:28  SCV  
  36  4:33  Supply Depot  
  34  4:44  Barracks  
  34  4:57  Supply Depot  
  29  5:23  Barracks Tech Lab x2  
  29  5:24  Marine  
  29  5:27  Medivac  
  32  5:33  Cyclone  
  35  5:41  Marine  
  36  5:48  Command Center  
  36  5:50  Marine  
  36  5:51  Marine x2  
  39  5:57  Medivac  
  39  5:59  Marine  
  41  6:17  Marine  
  41  6:40  Marauder, Marine x2  
  41  6:41  Marauder  
  47  6:58  Marauder, Marine  
  50  7:01  Refinery, Marine  
  51  7:09  Refinery  
  51  7:23  Starport  
  51  7:24  Terran Infantry Armor Level 1  
  51  7:26  Marine x3  
  54  7:42  Marine  
  55  7:44  Marine  
  55  7:45  Marauder  
  58  7:56  Refinery  
  58  7:57  SCV  
  59  8:06  Medivac  
  59  8:08  Medivac  
  59  8:09  SCV  
  64  8:21  SCV  
  64  8:26  Supply Depot  
  65  8:36  Marauder, Marine x2, Medivac  
  71  8:49  Supply Depot  
  71  9:00  Viking  
  71  9:02  Marine x4  
  74  9:06  Viking  
  74  9:08  SCV  
  80  9:12  SCV  
  80  9:13  Supply Depot  
  81  9:20  SCV  
  82  9:33  SCV  
  82  9:38  Viking x2  
  85  9:41  Marine x3  
  85  9:43  Marine  
  91  10:03  Marine x3  
  91  10:04  Marauder, Supply Depot  
  96  10:28  Supply Depot  
  70  10:50  Marine x3  
  70  10:51  Marauder  
  70  10:56  Viking  
  77  11:08  Marine  
  77  11:09  Marauder x2  
  80  11:12  Marine  
  71  11:26  Marine  
  71  11:30  Marauder  
  74  11:43  Viking x2  
  74  11:45  Marine  
  79  11:57  SCV  
  79  11:59  SCV  
  81  12:09  SCV  
  81  12:13  Viking x2  
  86  12:41  Marine x2  
  86  12:42  Marine x2  
  90  12:59  Marine x3  
  90  13:00  Marine  
  64  13:17  Marine  
  64  13:19  Marine x2  
  58  13:20  Marauder  
  61  13:35  Marine  
  61  13:37  Marine  
  61  13:38  Marauder  
  65  13:56  Command Center  
  65  14:17  SCV  
  66  14:29  SCV  
  67  14:40  Marine x4  
  67  14:41  SCV  
  72  14:53  SCV  
  72  14:58  Marine  
  74  15:03  Marine x2  
  74  15:05  SCV  
  78  15:14  SCV  
  78  15:17  SCV  
  79  15:24  SCV  
  79  15:26  SCV  
  81  15:29  SCV  
  81  15:32  Marine x4  
  86  15:41  SCV  
  87  15:49  Refinery  
  87  15:50  Marine  
  87  15:53  SCV  
  89  16:14  Marine  
  89  16:15  Marine x3  
  93  16:32  Marine  
  93  16:33  Marine x3  
  97  16:50  Marine  
  86  17:14  Orbital Command  
  72  18:09  SCV  
  72  18:10  Marine x2  
  72  18:11  Marine x2  
  77  18:17  Viking  
  77  18:18  Viking  
  81  18:21  SCV  
  82  18:28  Marine  
  82  18:29  Marauder x2, Marine  
  82  18:33  SCV  
  87  18:45  SCV  
  87  18:46  Marine  
  87  18:47  Marauder, Viking  
  87  18:48  Viking  
  95  18:50  Marauder, Marine  
  98  18:57  SCV  
  97  19:04  Marine  
  97  19:08  Marauder, Marine  
  96  19:12  Marauder  
  94  19:17  Viking  
  94  19:18  Viking  
  94  19:22  Marine  
  96  19:26  Marine  
  96  19:29  Marine  
  98  19:33  Marauder  
  96  19:39  Marine  
Show
View Real Time Build Order
Export as new Build Order

Andrew Protoss 

Build Orders: Mass Adepts 

Get SALT Encoding   

  12  0:00  Probe  
  13  0:13  Probe  
  14  0:18  Pylon  
  14  0:25  Probe  
  15  0:37  Probe  
  15  0:38  Gateway  
  16  0:45  Probe  
  17  0:50  Assimilator  
  17  0:53  Probe  
  17  1:01  Pylon  
  17  1:02  Probe  
  18  1:10  Probe  
  20  1:21  Probe  
  20  1:25  Cybernetics Core  
  21  1:31  Gateway  
  21  1:43  Gateway  
  21  1:49  Pylon  
  21  1:51  Probe  
  21  1:54  Adept  
  22  2:06  Assimilator  
  24  2:19  Adept x2  
  28  2:26  Pylon  
  28  2:30  Adept  
  30  2:46  Adept x2  
  34  2:58  Adept  
  36  3:13  Adept  
  36  3:14  Adept  
  40  3:26  Adept, Pylon  
  42  3:40  Adept  
  44  3:52  Adept  
  44  3:53  Adept  
  48  4:13  Adept  
  48  4:14  Nexus  
  50  4:35  Adept x2  
  48  5:31  Warp Gate  
  48  5:35  Stalker x3  
  48  5:36  Probe  
  48  5:37  Probe  
  48  5:40  Pylon  
  48  5:42  Robotics Facility  
  48  5:49  Probe x2  
  50  5:54  Pylon  
  50  6:01  Probe  
  51  6:05  Stalker  
  51  6:06  Probe  
  54  6:13  Probe  
  55  6:18  Probe  
  55  6:21  Stalker  
  55  6:25  Probe  
  59  6:30  Probe  
  59  6:32  Stalker  
  62  6:35  Stalker  
  62  6:37  Probe  
  62  6:38  Immortal  
  65  6:42  Probe  
  66  6:49  Probe  
  71  6:55  Probe  
  72  7:03  Probe  
  72  7:07  Probe  
  74  7:09  Pylon  
  74  7:18  Immortal  
  78  7:38  Stalker x3  
  78  7:40  Probe x2  
  78  7:42  Assimilator  
  86  7:46  Assimilator  
  86  7:48  Pylon  
  86  7:52  Probe, Robotics Facility  
  86  7:57  Probe  
  88  8:04  Probe  
  89  8:08  Immortal  
  89  8:11  Nexus  
  93  8:35  Pylon  
  93  8:40  Observer  
  94  8:46  Pylon  
  94  8:47  Immortal  
  94  8:48  Pylon  
  98  8:51  Pylon  
  98  9:00  Robotics Bay  
  98  9:01  Immortal  
  102  9:08  Assimilator  
  102  9:11  Stalker  
  104  9:17  Twilight Council  
  104  9:26  Immortal, Probe x2  
  104  9:27  Probe  
  111  9:34  Extended Thermal Lance  
  111  9:43  Immortal  
  115  9:46  Charge  
  115  9:50  Gateway  
  115  9:52  Gateway  
  115  9:54  Pylon  
  115  10:04  Probe  
  115  10:05  Probe, Colossus  
  117  10:11  Colossus  
  123  10:28  Probe x2  
  131  10:31  Zealot x2  
  107  10:52  Zealot x3  
  107  10:55  Probe x3  
  114  10:58  Colossus  
  114  11:05  Colossus  
  88  11:34  Probe x3  
  85  11:45  Stalker  
  85  11:46  Probe x2, Stalker x2  
  93  11:47  Zealot x2  
  93  11:52  Colossus  
  103  11:58  Probe  
  103  11:59  Immortal  
  108  12:07  Observer  
  108  12:08  Zealot  
  108  12:09  Zealot x4  
  118  12:16  Probe x2  
  118  12:22  Assimilator  
  116  12:37  Zealot  
  116  12:38  Colossus, Zealot x4  
  84  13:15  Stalker x5  
  80  13:25  Colossus  
  80  13:30  Probe x3  
  80  13:31  Colossus  
  89  13:40  Stalker x5  
  97  13:42  Probe  
  98  13:54  Probe  
  95  14:15  Nexus  
  95  14:19  Colossus  
  98  14:25  Colossus  
  98  14:26  Stalker x4  
  98  14:27  Stalker  
  97  14:31  Probe  
  97  14:32  Probe x2  
  90  14:57  Stalker x2  
  90  14:58  Stalker x3  
  87  15:22  Stalker x2  
  87  15:23  Stalker x2  
  87  15:36  Stalker  
  89  15:56  Stalker x3  
  19  17:06  Zealot x3  
  19  17:07  Zealot  
  27  17:26  Zealot  
  27  17:27  Zealot x3  
  35  17:52  Zealot x3  
  35  17:53  Zealot  
  43  18:17  Zealot x2  
  23  18:45  Zealot x3  
  29  19:00  Zealot  
  28  19:20  Zealot x2  
  32  19:39  Zealot x2  
Tags
 
Add a new tag
Caveats
  • Supply blocks, unpowered buildings, or Contaminate may cause inaccurate times.
  • Supply counts are checked every 10 seconds.